| TOP OF THE 1ST |
|
Appleton Foxes batting - Pitching for Quincy Cubs : RHP Steve Finch
|
|
Pitching: RHP Steve Finch
|
|
|
Batting: LHB Mike Woodard
|
0-0: Called Strike 0-1: Foul Ball, location: 2F 0-2: Ball 1-2: Ball 2-2: Foul Ball, location: 2F 2-2: Strikes out looking
|
|
Batting: SHB Matt Gallegos
|
0-0: Ball 1-0: Ball 2-0: Ground out 2-3 (Groundball, 2L, EV 72.5 MPH)
|
|
Batting: RHB Randy Asadoor
|
0-0: Swinging Strike 0-1: Ball 1-1: Ball 2-1: Swinging Strike 2-2: Foul Ball, location: 2F 2-2: Ground out 5-3 (Groundball, 56S, EV 89.4 MPH)
|
| Top of the 1st over - 0 runs, 0 hits, 0 errors, 0 left on base; Appleton 0 - Quincy 0 |
| BOTTOM OF THE 1ST |
|
Quincy Cubs batting - Pitching for Appleton Foxes : RHP Mike Trujillo
|
|
Pitching: RHP Mike Trujillo
|
|
|
Batting: RHB Alex Juarez
|
0-0: Swinging Strike 0-1: Ball 1-1: Ball 2-1: Ground out 4-3 (Groundball, 4, EV 105.6 MPH)
|
|
Batting: RHB Jack Ayer
|
0-0: Swinging Strike 0-1: Ball 1-1: Foul Ball, location: 2F 1-2: Strikes out swinging
|
|
Batting: SHB Willie Perez
|
0-0: Ball 1-0: Foul Ball, location: 2F 1-1: Foul Ball, location: 2F 1-2: SOLO HOME RUN (Flyball, 89XD, EV 95.6 MPH), Distance : 409 ft
|
|
Batting: RHB Wes Clements
|
0-0: Called Strike 0-1: Ball 1-1: Called Strike 1-2: Foul Ball, location: 2F 1-2: Foul Ball, location: 2F 1-2: Strikes out swinging
|
| Bottom of the 1st over - 1 run, 1 hit, 0 errors, 0 left on base; Appleton 0 - Quincy 1 |
| TOP OF THE 2ND |
|
Appleton Foxes batting - Pitching for Quincy Cubs : RHP Steve Finch
|
|
Batting: RHB George Hinshaw
|
0-0: Swinging Strike 0-1: Ball 1-1: Ball 2-1: Ball 3-1: Base on Balls
|
|
Batting: RHB Victor Mata
|
0-0: Ball 1-0: Called Strike 1-1: Hit by Pitch George Hinshaw to second
|
|
Batting: LHB John Csefalvay
|
0-0: Ball 1-0: Fielders Choice at 2nd, 5-4 (Groundball, 56, EV 90.6 MPH) George Hinshaw to third
|
|
Batting: RHB Howard Lopes
|
0-0: Ball 1-0: Called Strike 1-1: Foul Ball, location: 2F 1-2: Foul Ball, location: 2F 1-2: Grounds into double play, 4-6-3 (Groundball, 4, EV 93.1 MPH)
|
| Top of the 2nd over - 0 runs, 0 hits, 0 errors, 1 left on base; Appleton 0 - Quincy 1 |
| BOTTOM OF THE 2ND |
|
Quincy Cubs batting - Pitching for Appleton Foxes : RHP Mike Trujillo
|
|
Batting: RHB Jerry Fry
|
0-0: Ground out 6-3 (Groundball, 6S, EV 75.0 MPH)
|
|
Batting: RHB Billy Best
|
0-0: Fly out, F9 (Line Drive, 9D, EV 97.5 MPH)
|
|
Batting: RHB Garry Keeton
|
0-0: Called Strike 0-1: Ball 1-1: Hit by Pitch
|
|
Batting: RHB Samuel Bass
|
0-0: Called Strike 0-1: Ball 1-1: Ball 2-1: Foul Ball, location: 2F 2-2: Ball 3-2: Foul Ball, location: 2F 3-2: Fly out, F9 (Flyball, 9, EV 91.9 MPH)
|
| Bottom of the 2nd over - 0 runs, 0 hits, 0 errors, 1 left on base; Appleton 0 - Quincy 1 |
| TOP OF THE 3RD |
|
Appleton Foxes batting - Pitching for Quincy Cubs : RHP Steve Finch
|
|
Batting: RHB Peter Rowe
|
0-0: Called Strike 0-1: Ball 1-1: Foul Ball, location: 2F 1-2: Ball 2-2: Fly out, F8 (Flyball, 8LM, EV 91.9 MPH)
|
|
Batting: RHB Philip Sutton
|
0-0: Swinging Strike 0-1: Ground out 6-3 (Groundball, 6M, EV 85.6 MPH)
|
|
Batting: LHB Mike Woodard
|
0-0: Reached on error, E3 (Groundball, 34, EV 102.5 MPH)
|
|
Batting: SHB Matt Gallegos
|
0-0: Ball 1-0: Ball 2-0: Ball 3-0: Called Strike 3-1: Foul Ball, location: 2F 3-2: Base on Balls Mike Woodard to second
|
|
Batting: RHB Randy Asadoor
|
0-0: Ball 1-0: Foul Ball, location: 2F 1-1: Ball 2-1: SINGLE (Flyball, 78S, EV 85.6 MPH) Mike Woodard to third Matt Gallegos to second Runner from 3rd tries for Home, SAFE, throw by LF to home
|
|
Batting: RHB George Hinshaw
|
0-0: Called Strike 0-1: Ball 1-1: Swinging Strike 1-2: Ball 2-2: Ball 3-2: Base on Balls Matt Gallegos to third Randy Asadoor to second
|
|
Batting: RHB Victor Mata
|
0-0: Ball 1-0: Called Strike 1-1: Fielders Choice at 2nd, 6-4 (Groundball, 6, EV 88.8 MPH)
|
| Top of the 3rd over - 1 run, 1 hit, 1 error, 3 left on base; Appleton 1 - Quincy 1 |
| BOTTOM OF THE 3RD |
|
Quincy Cubs batting - Pitching for Appleton Foxes : RHP Mike Trujillo
|
|
Batting: RHB Richard Palmer
|
0-0: Ball 1-0: Foul Ball, location: 2F 1-1: Ball 2-1: Ball 3-1: Foul Ball, location: 2F 3-2: Base on Balls
|
|
Batting: RHB Alex Juarez
|
0-0: Ball 1-0: Called Strike 1-1: Ball 2-1: SINGLE (Groundball, 56D, EV 102.5 MPH) Richard Palmer to second
|
|
Batting: RHB Jack Ayer
|
0-0: Called Strike 0-1: Foul Ball, location: 2F 0-2: Ball 1-2: Foul Ball, location: 2F 1-2: Ball 2-2: Foul Ball, location: 2F 2-2: DOUBLE (Line Drive, 78M, EV 113.1 MPH) Richard Palmer scores Alex Juarez to third
|
|
Batting: SHB Willie Perez
|
0-0: DOUBLE (Flyball, 78D, EV 91.9 MPH) Alex Juarez scores Jack Ayer scores
|
|
Batting: RHB Wes Clements
|
0-0: Ball 1-0: Fly out, F9 (Flyball, 9LM, EV 106.3 MPH)
|
|
Batting: RHB Jerry Fry
|
0-0: Swinging Strike 0-1: Ball 1-1: Called Strike 1-2: Strikes out looking
|
|
Batting: RHB Billy Best
|
0-0: Called Strike 0-1: Fly out, F8 (Flyball, 8RD, EV 88.1 MPH)
|
| Bottom of the 3rd over - 3 runs, 3 hits, 0 errors, 1 left on base; Appleton 1 - Quincy 4 |
| TOP OF THE 4TH |
|
Appleton Foxes batting - Pitching for Quincy Cubs : RHP Steve Finch
|
|
Batting: LHB John Csefalvay
|
0-0: Ball 1-0: Ball 2-0: SINGLE (Line Drive, 4M, EV 98.8 MPH)
|
|
Batting: RHB Howard Lopes
|
0-0: Called Strike 0-1: Ball 1-1: Ball 2-1: Foul Ball, location: 2F 2-2: Strikes out swinging
|
|
Batting: RHB Peter Rowe
|
0-0: Called Strike 0-1: Foul Ball, location: 2F 0-2: Grounds into double play, 3-6-3 (Groundball, 3, EV 96.3 MPH)
|
| Top of the 4th over - 0 runs, 1 hit, 0 errors, 0 left on base; Appleton 1 - Quincy 4 |
| BOTTOM OF THE 4TH |
|
Quincy Cubs batting - Pitching for Appleton Foxes : RHP Mike Trujillo
|
|
Batting: RHB Garry Keeton
|
0-0: Ball 1-0: Called Strike 1-1: Ground out 6-3 (Groundball, 6M, EV 101.9 MPH)
|
|
Batting: RHB Samuel Bass
|
0-0: Called Strike 0-1: Foul Ball, location: 2F 0-2: DOUBLE (Line Drive, 89D, EV 105.6 MPH)
|
|
Batting: RHB Richard Palmer
|
0-0: Foul Ball, location: 2F 0-1: Ball 1-1: Ball 2-1: Foul Ball, location: 2F 2-2: Ball 3-2: Base on Balls
|
|
Batting: RHB Alex Juarez
|
0-0: Ball 1-0: Foul Ball, location: 2F 1-1: Ball 2-1: Foul Ball, location: 2F 2-2: Strikes out swinging
|
|
Batting: RHB Jack Ayer
|
0-0: Called Strike 0-1: Foul Ball, location: 2F 0-2: SINGLE (Groundball, 34D, EV 110.0 MPH) Samuel Bass to third Richard Palmer to second Runner from 3rd tries for Home, SAFE, throw by RF to home
|
|
Pitching: RHP John McGuckin
|
|
|
Batting: SHB Willie Perez
|
0-0: Foul Ball, location: 2F 0-1: Foul Ball, location: 2F 0-2: Foul Ball, location: 2F 0-2: Ball 1-2: Foul Ball, location: 2F 1-2: Ground out 6-3 (Groundball, 6MS, EV 66.3 MPH)
|
| Bottom of the 4th over - 1 run, 2 hits, 0 errors, 2 left on base; Appleton 1 - Quincy 5 |
| TOP OF THE 5TH |
|
Appleton Foxes batting - Pitching for Quincy Cubs : RHP Steve Finch
|
|
Batting: RHB Philip Sutton
|
0-0: Swinging Strike 0-1: Ground out 6-3 (Groundball, 6, EV 81.9 MPH)
|
|
Batting: LHB Mike Woodard
|
0-0: Foul Ball, location: 2F 0-1: Ball 1-1: Ball 2-1: Ball 3-1: Called Strike 3-2: Ground out 5-3 (Groundball, 56, EV 93.1 MPH)
|
|
Batting: SHB Matt Gallegos
|
0-0: Ball 1-0: Ball 2-0: Ball 3-0: Base on Balls
|
|
Batting: RHB Randy Asadoor
|
0-0: Ball 1-0: Foul Ball, location: 2F 1-1: Called Strike 1-2: Strikes out looking
|
| Top of the 5th over - 0 runs, 0 hits, 0 errors, 1 left on base; Appleton 1 - Quincy 5 |
| BOTTOM OF THE 5TH |
|
Quincy Cubs batting - Pitching for Appleton Foxes : RHP John McGuckin
|
|
Batting: RHB Wes Clements
|
0-0: Ball 1-0: Foul Ball, location: 2F 1-1: Foul Ball, location: 2F 1-2: Foul Ball, location: 2F 1-2: Ball 2-2: Foul Ball, location: 2F 2-2: Ball 3-2: Foul Ball, location: 2F 3-2: Base on Balls
|
|
Batting: RHB Jerry Fry
|
0-0: Foul Ball, location: 2F 0-1: Grounds into double play, 5-4-3 (Groundball, 5, EV 78.1 MPH)
|
|
Batting: RHB Billy Best
|
0-0: Fly out, F8 (Flyball, 8LXD, EV 107.5 MPH)
|
| Bottom of the 5th over - 0 runs, 0 hits, 0 errors, 0 left on base; Appleton 1 - Quincy 5 |
| TOP OF THE 6TH |
|
Appleton Foxes batting - Pitching for Quincy Cubs : RHP Steve Finch
|
|
Batting: RHB George Hinshaw
|
0-0: Ball 1-0: Ground out 5-3 (Groundball, 5L, EV 84.4 MPH)
|
|
Batting: RHB Victor Mata
|
0-0: Ball 1-0: Called Strike 1-1: Foul Ball, location: 2F 1-2: Fly out, F3 (Popup, 23F, EV 79.4 MPH)
|
|
Batting: LHB John Csefalvay
|
0-0: Ball 1-0: Ground out 5-3 (Groundball, 5, EV 85.0 MPH)
|
| Top of the 6th over - 0 runs, 0 hits, 0 errors, 0 left on base; Appleton 1 - Quincy 5 |
| BOTTOM OF THE 6TH |
|
Quincy Cubs batting - Pitching for Appleton Foxes : RHP John McGuckin
|
|
Batting: RHB Garry Keeton
|
0-0: Ball 1-0: Ball 2-0: Called Strike 2-1: Foul Ball, location: 2F 2-2: Fly out, F9 (Line Drive, 9, EV 88.8 MPH)
|
|
Batting: RHB Samuel Bass
|
0-0: Swinging Strike 0-1: Fly out, F3 (Flyball, 3D, EV 85.6 MPH)
|
|
Batting: RHB Richard Palmer
|
0-0: Ball 1-0: Ball 2-0: Called Strike 2-1: Ball 3-1: Base on Balls
|
|
Batting: RHB Alex Juarez
|
0-0: Ball 1-0: Foul Ball, location: 2F 1-1: Ball 2-1: Foul Ball, location: 2F 2-2: Strikes out swinging
|
| Bottom of the 6th over - 0 runs, 0 hits, 0 errors, 1 left on base; Appleton 1 - Quincy 5 |
| TOP OF THE 7TH |
|
Appleton Foxes batting - Pitching for Quincy Cubs : RHP Steve Finch
|
|
Batting: RHB Howard Lopes
|
0-0: Ball 1-0: Foul Ball, location: 2F 1-1: Foul Ball, location: 2F 1-2: Strikes out swinging
|
|
Batting: RHB Peter Rowe
|
0-0: Called Strike 0-1: Ball 1-1: Swinging Strike 1-2: Ground out 4-3 (Groundball, 4MS, EV 84.4 MPH)
|
|
Batting: RHB Philip Sutton
|
0-0: Ball 1-0: Called Strike 1-1: Ground out 5-3 (Groundball, 5S, EV 71.9 MPH)
|
| Top of the 7th over - 0 runs, 0 hits, 0 errors, 0 left on base; Appleton 1 - Quincy 5 |
| BOTTOM OF THE 7TH |
|
Quincy Cubs batting - Pitching for Appleton Foxes : RHP John McGuckin
|
|
Batting: RHB Jack Ayer
|
0-0: Foul Ball, location: 2F 0-1: Swinging Strike 0-2: Ball 1-2: Foul Ball, location: 2F 1-2: Strikes out swinging
|
|
Batting: SHB Willie Perez
|
0-0: Ball 1-0: Ground out 4-3 (Groundball, 4, EV 99.4 MPH)
|
|
Batting: RHB Wes Clements
|
0-0: Ground out 6-3 (Groundball, 6, EV 104.4 MPH)
|
| Bottom of the 7th over - 0 runs, 0 hits, 0 errors, 0 left on base; Appleton 1 - Quincy 5 |
| TOP OF THE 8TH |
|
Appleton Foxes batting - Pitching for Quincy Cubs : RHP Steve Finch
|
|
Batting: LHB Mike Woodard
|
0-0: Called Strike 0-1: Ball 1-1: SINGLE (Line Drive, 89S, EV 111.9 MPH)
|
|
Batting: SHB Matt Gallegos
|
0-0: Called Strike 0-1: Fielders Choice at 2nd, 6-4 (Groundball, 6, EV 103.1 MPH)
|
|
Batting: RHB Randy Asadoor
|
0-0: Ball 1-0: Ball 2-0: Called Strike 2-1: Ball 3-1: Called Strike 3-2: Strikes out swinging
|
|
Batting: RHB George Hinshaw
|
0-0: Called Strike 0-1: SINGLE (Groundball, 4MD, EV 98.1 MPH) Matt Gallegos to second Runner from 2nd tries for 3rd, SAFE, throw by CF made to third
|
|
Batting: RHB Victor Mata
|
0-0: Called Strike 0-1: Swinging Strike 0-2: Ball 1-2: Strikes out swinging
|
| Top of the 8th over - 0 runs, 2 hits, 0 errors, 2 left on base; Appleton 1 - Quincy 5 |
| BOTTOM OF THE 8TH |
|
Quincy Cubs batting - Pitching for Appleton Foxes : RHP John McGuckin
|
|
Batting: RHB Jerry Fry
|
0-0: Ball 1-0: Ground out 6-3 (Groundball, 6M, EV 102.5 MPH)
|
|
Batting: RHB Billy Best
|
0-0: Ball 1-0: SOLO HOME RUN (Flyball, 7LD, EV 101.3 MPH), Distance : 368 ft
|
|
Batting: RHB Garry Keeton
|
0-0: Foul Ball, location: 2F 0-1: SINGLE (Flyball, 4MD, EV 91.9 MPH)
|
|
Pitching: RHP Frederick Atkins
|
|
|
Batting: RHB Samuel Bass
|
0-0: Ball 1-0: Called Strike 1-1: Ball 2-1: Foul Ball, location: 2F 2-2: SINGLE (Line Drive, 8LS, EV 98.1 MPH) Garry Keeton to second Garry Keeton to third
|
|
Batting: RHB Richard Palmer
|
0-0: Called Strike 0-1: Swinging Strike 0-2: Ball 1-2: Ball 2-2: Foul Ball, location: 2F 2-2: Ball 3-2: Foul Ball, location: 2F 3-2: Base on Balls Samuel Bass to second
|
|
Batting: RHB Alex Juarez
|
0-0: Called Strike 0-1: Fly out, F7 (Flyball, 7S, EV 93.1 MPH)
|
|
Batting: RHB Jack Ayer
|
0-0: Ball 1-0: Ball 2-0: Foul Ball, location: 2F 2-1: SINGLE (Groundball, 6D, EV 105.0 MPH) Garry Keeton scores Samuel Bass to third Richard Palmer to second Runner from 3rd tries for Home, SAFE, throw by CF to home
|
|
Batting: SHB Willie Perez
|
0-0: Foul Ball, location: 2F 0-1: Ball 1-1: Swinging Strike 1-2: Fielders Choice at 2nd, 6-4 (Groundball, 6, EV 108.1 MPH)
|
| Bottom of the 8th over - 3 runs, 4 hits, 0 errors, 2 left on base; Appleton 1 - Quincy 8 |
| TOP OF THE 9TH |
|
Appleton Foxes batting - Pitching for Quincy Cubs : RHP Steve Finch
|
|
Pinch Hitting: RHB Jeffery Carl
|
0-0: Fly out, F7 (Line Drive, 7D, EV 93.8 MPH)
|
|
Batting: RHB Howard Lopes
|
0-0: Called Strike 0-1: Ball 1-1: Ball 2-1: Ball 3-1: Ground out 5-3 (Groundball, 56S, EV 81.3 MPH)
|
|
Batting: RHB Peter Rowe
|
0-0: Called Strike 0-1: Ball 1-1: Swinging Strike 1-2: SINGLE (Flyball, 34D, EV 86.3 MPH)
|
|
Batting: RHB Philip Sutton
|
0-0: Called Strike 0-1: Ball 1-1: Ball 2-1: Foul Ball, location: 2F 2-2: Strikes out swinging
|
| Top of the 9th over - 0 runs, 1 hit, 0 errors, 1 left on base; Appleton 1 - Quincy 8 |
|